 Dungeon Sprint DCSS version 0.28.0-53-g5a82cb258f (webtiles) character file.

Game seed: 2013234529273380196

32631 Zeld the Archmage (level 13, -1/63 HPs)
             Began as a Deep Elf Conjurer on May 30, 2022.
             Was a High Priest of Sif Muna.
             Slain by an Orb Guardian (35 damage)
             ... in the Dungeon (Sprint IV: "Fedhas' Mad Dash").
             The game lasted 00:18:34 (9286 turns).

Zeld the Archmage (Deep Elf Conjurer)               Turns: 9286, Time: 00:18:35

Health: -1/63      AC:  4    Str:  4    XL:     13   Next: 32%
Magic:  23/46      EV: 15    Int: 29    God:    Sif Muna [*****.]
Gold:   18         SH:  0    Dex: 13    Spells: 15/66 levels left

rFire   . . .      SeeInvis +   (no weapon)
rCold   . . .      Faith    .   (no shield)
rNeg    . . .      Spirit   .   a - +0 robe
rPois   .          Reflect  .   l - +1 helmet {SInv}
rElec   .          Harm     .   (no cloak)
rCorr   .          Rampage  .   (no gloves)
Will    +....      NoTele   +   (no boots)
Stlth   ++........              i - amulet of invisibility {+Inv}
HPRegen 0.20/turn               (no ring)
MPRegen 0.30/turn               (no ring)

@: no status effects
A: no striking features
0: Orb of Zot
a: Renounce Religion, Evoke Invisibility, Channel Magic, Forget Spell, Divine
Exegesis


You were in the Dungeon.
You worshipped Sif Muna.
Sif Muna was extremely pleased with you.
You visited 1 branch You collected 524 gold pieces.
You spent 506 gold pieces at shops.

Inventory:

Armour
 a - a +0 robe (worn)
 l - a +1 helmet of see invisible (worn)
Jewellery
 i - the amulet of invisibility (around neck) {+Inv}
   (You found it in the Dungeon)

   [amulet of nothing]

   +Inv:      It lets you turn invisible.
Wands
 j - a wand of charming (6)
Scrolls
 g - a scroll of blinking
 h - a scroll of holy word
 o - a scroll of brand weapon
Potions
 b - 2 potions of curing
 c - a potion of heal wounds
 d - a potion of haste
 e - 2 potions of magic
 f - a potion of berserk rage
 k - 2 potions of brilliance {unknown}
 m - a potion of cancellation {unknown}
 n - a potion of invisibility {unknown}


   Skills:
 - Level 8.0 Dodging
 - Level 8.0 Stealth
 O Level 27 Spellcasting
 * Level 25.5 Conjurations
 - Level 2.0 Hexes
 - Level 2.0 Translocations
 + Level 10.2 Fire Magic
 - Level 12.0 Invocations


You had 15 spell levels left.
You knew the following spells:

 Your Spells              Type           Power      Damage    Failure   Level
a - Magic Dart            Conj           100%       1d8       0%          1
b - Searing Ray           Conj           100%       2d8       0%          2
c - Fulminant Prism       Conj/Hex       43%        3d20      1%          4
d - Iskenderun's Mystic   Conj/Tloc      87%        2d17      1%          4
e - Fireball              Conj/Fire      48%        3d19      0%          5
f - Starburst             Conj/Fire      48%        6d13      1%          6
g - Ignition              Fire           39%        3d12      54%         8
h - Fire Storm            Conj/Fire      48%        8d12      41%         9
y - Dragon's Call         Summ           19%        N/A       100%        9
z - Dazzling Flash        Conj/Hex       100%       N/A       0%          3

Your spell library contained the following spells:

 Spells                   Type           Power      Damage    Failure   Level
 Shock                    Conj/Air       100%       1d9       0%          1
 Conjure Flame            Conj/Fire      97%        6-21      0%          3
 Stone Arrow              Conj/Erth      100%       3d13      0%          3
 Flame Wave               Conj/Fire      97%        2d16      0%          4
 Sticky Flame             Conj/Fire      97%        2d11      0%          4
 Iskenderun's Battlesphe  Conj           100%       2d15      0%          5
 Orb of Destruction       Conj           56%        9d14      0%          7
 Animate Skeleton         Necr           78%        N/A       1%          1
 Apportation              Tloc           100%       N/A       1%          1
 Sandblast                Erth           78%        2d17      1%          1
 Sting                    Tmut/Pois      100%       1d8       1%          1
 Summon Small Mammal      Summ           100%       N/A       1%          1
 Call Imp                 Summ           39%        N/A       1%          2
 Corpse Rot               Necr/Air       78%        N/A       1%          2
 Ensorcelled Hibernation  Hex/Ice        88%        N/A       1%          2
 Passwall                 Tmut/Erth      32%        N/A       1%          2
 Poisonous Vapours        Pois/Air       78%        N/A       1%          2
 Gell's Gravitas          Tloc           50%        N/A       1%          3
 Inner Flame              Hex/Fire       65%        N/A       1%          3
 Mephitic Cloud           Conj/Pois/Air  73%        N/A       1%          3
 Summon Guardian Golem    Hex/Summ       44%        N/A       1%          3
 Swiftness                Air            39%        N/A       1%          3
 Teleport Other           Tloc           50%        N/A       1%          3
 Hailstorm                Conj/Ice       85%        3d17      1%          4
 Freezing Cloud           Conj/Ice/Air   36%        6-21      1%          5
 Irradiate                Conj/Tmut      42%        3d27      1%          5
 Lightning Bolt           Conj/Air       42%        1d62      1%          5
 Conjure Ball Lightning   Conj/Air       42%        3x3d15    1%          6
 Iron Shot                Conj/Erth      42%        9d8       1%          6
 Spellforged Servitor     Conj/Summ      42%        N/A       3%          7
 Anguish                  Hex/Necr       22%        N/A       4%          4
 Leda's Liquefaction      Hex/Erth       22%        N/A       4%          4
 Animate Dead             Necr           19%        N/A       6%          4
 Olgreb's Toxic Radiance  Pois           39%        N/A       6%          4
 Summon Ice Beast         Ice/Summ       39%        N/A       6%          4
 Summon Lightning Spire   Summ/Air       39%        N/A       6%          4
 Silence                  Hex/Air        22%        N/A       12%         5
 Summon Forest            Summ/Tloc      22%        N/A       12%         5
 Summon Mana Viper        Hex/Summ       44%        N/A       12%         5
 Borgnjor's Vile Clutch   Necr/Erth      19%        N/A       19%         5
 Dispersal                Tloc           25%        N/A       41%         6
 Death Channel            Necr           19%        N/A       69%         6
 Simulacrum               Ice/Necr       19%        N/A       69%         6
 Summon Cactus Giant      Summ           19%        N/A       69%         6
 Chain Lightning          Conj/Air       42%        3d56      98%         9
 Dragon Form              Tmut           19%        N/A       99%         7
 Summon Hydra             Summ           19%        N/A       99%         7
 Infestation              Necr           19%        N/A       100%        8
 Necromutation            Tmut/Necr      19%        N/A       100%        8


Dungeon Overview and Level Annotations

Branches:
Dungeon (1/1)

Altars:
Cheibriados
Dithmenos
Elyvilon
Gozag
Hepliaklqana
Kikubaaqudgha
Makhleb
Nemelex Xobeh
Okawaru
Qazlal
Ru
Sif Muna
Trog
Uskayaw
Vehumet
Wu Jian
Xom
Yredelemnul
Zin
The Shining One
Beogh
Jiyva
Lugonu

Shops:
D ((([![((**([*[[((*[[(


Message History

The hell beast is severely wounded.
Casting: Iskenderun's Mystic Blast (safe; 1% risk of failure)
Confirm with . or Enter, or press ? or * to list all spells.
You erupt in a blast of force!
The mystic blast hits the red devil!!
The red devil is severely wounded.
The red devil is knocked back by the mystic blast.
The red devil slams into the stone wall!
The red devil is almost dead.
The mystic blast hits the hell beast!
The hell beast is almost dead.
The hell beast is knocked back by the mystic blast.
Unknown command.
Unknown command.
Casting: Iskenderun's Mystic Blast (safe; 1% risk of failure)
Confirm with . or Enter, or press ? or * to list all spells.
You erupt in a blast of force!
The mystic blast hits the red devil!
You kill the red devil!
Sif Muna accepts your kill.
Your Fire Magic skill increases to level 10!
Unknown command.
Unknown command.
Unknown command.
Casting: Iskenderun's Mystic Blast (safe; 1% risk of failure)
Confirm with . or Enter, or press ? or * to list all spells.
You can't see any susceptible monsters within range! (Use Z to cast anyway.) Unknown command.
Casting: Iskenderun's Mystic Blast (safe; 1% risk of failure)
Confirm with . or Enter, or press ? or * to list all spells.
You erupt in a blast of force!
The mystic blast hits the hell beast!!
You kill the hell beast!
Sif Muna accepts your kill.
You see here a There-And-Back Book.
Sif Muna grants you a gift!
You pick up a There-And-Back Book and begin reading...
You add the spells Gell's Gravitas, Teleport Other and Dispersal to your library.
Okay, then.
An Orb Guardian comes into view.
The Orb Guardian hits you!!
Ouch! That really hurt!
You die...

..)............)....∩.∩....#
.......#####################
######## ####### #######
###..#####...∩∩###....}###
#....'........(##....".'.#
#....#####P...)'.......### #)...#
##################
.....#####∩∩∩#..X.......).#######
.....'....∩.∩'..@.........'...[..
.....#####∩∩∩#............#######
#################################
[♣..♣..♣..♣...........♣..♣.....♣.
.....[.........[..[........4..[..
.♣..♣..♣..♣...........♣..♣.....♣.
#################################
####.....#####....######......###
.................................


You could see an Orb Guardian.

Vanquished Creatures
  Agnes (D)
  2 ghost moths (D)
  6 spriggan defenders (D)
  A hell beast (D)
  5 spriggan berserkers (D)
  4 spriggan druids (D)
  25 oklob plants (D)
  3 moths of wrath (D)
  4 demonic crawlers (D)
  3 burning bushes (D)
  A red devil (D)
  3 wandering mushrooms (D)
  10 hornets (D)
  2 queen bees (D)
  A neqoxec (D)
  4 scorpions (D)
  4 killer bees (D)
  5 oklob saplings (D)
  11 spriggans (D)
  A river rat (D)
  A rat (D)
  A ballistomycete spore (D)
  3 bushes (D)
101 creatures vanquished.

Vanquished Creatures (collateral kills)
  the Enchantress (D)
1 creature vanquished.

Vanquished Creatures (others)
  A ballistomycete spore (D)
  19 fulminant prisms (D)
  9 fungi (D)
29 creatures vanquished.

Grand Total: 131 creatures vanquished

Notes
Turn   | Place    | Note
-------+----------+-------------------------------------------
     0 | D        | Zeld the Deep Elf Conjurer began the quest for the Orb.
     0 | D        | Reached XP level 1. HP: 10/10 MP: 6/6
    21 | D        | Reached skill level 4 in Spellcasting
    21 | D        | Reached skill level 5 in Conjurations
    21 | D        | Reached skill level 1 in Hexes
    21 | D        | Reached skill level 1 in Translocations
    21 | D        | Reached XP level 2. HP: 14/15 MP: 0/9
    27 | D        | Learned a level 2 spell: Searing Ray
   138 | D        | Noticed an oklob sapling
   140 | D        | Noticed a scorpion
   150 | D        | Killed a scorpion
   151 | D        | Reached skill level 7 in Spellcasting
   151 | D        | Reached XP level 3. HP: 12/19 MP: 1/13
   151 | D        | Reached XP level 4. HP: 15/24 MP: 1/15
   155 | D        | Learned a level 3 spell: Dazzling Flash
   160 | D        | Learned a level 4 spell: Fulminant Prism
   165 | D        | Learned a level 4 spell: Iskenderun's Mystic Blast
   359 | D        | Reached skill level 8 in Spellcasting
   488 | D        | Found the amulet of invisibility {+Inv}
   510 | D        | Found an opulent altar of Gozag.
   510 | D        | Found a hazy altar of Hepliaklqana.
   510 | D        | Found a burning altar of Makhleb.
   510 | D        | Found a sparkling altar of Nemelex Xobeh.
   510 | D        | Found a snail-covered altar of Cheibriados.
   510 | D        | Found a sacrificial altar of Ru.
   510 | D        | Found a shimmering blue altar of Sif Muna.
   510 | D        | Found a shimmering altar of Xom.
   510 | D        | Found a basalt altar of Yredelemnul.
   511 | D        | Found a viscous altar of Jiyva.
   511 | D        | Found a bloodstained altar of Trog.
   511 | D        | Found an ornate altar of the Wu Jian Council.
   512 | D        | Found an iron altar of Okawaru.
   512 | D        | Found a shadowy altar of Dithmenos.
   512 | D        | Found a glowing silver altar of Zin.
   513 | D        | Found an ancient bone altar of Kikubaaqudgha.
   513 | D        | Found a hide-covered altar of Uskayaw.
   514 | D        | Found a stormy altar of Qazlal.
   514 | D        | Found a glowing golden altar of the Shining One.
   514 | D        | Found a white marble altar of Elyvilon.
   515 | D        | Found a radiant altar of Vehumet.
   515 | D        | Found a corrupted altar of Lugonu.
   517 | D        | Became a worshipper of Sif Muna the Loreminder
   687 | D        | Noticed a queen bee
   692 | D        | Reached * piety under Sif Muna
   693 | D        | Reached skill level 11 in Spellcasting
   693 | D        | Reached skill level 10 in Conjurations
   693 | D        | Reached XP level 5. HP: 28/28 MP: 7/21
   693 | D        | Reached XP level 6. HP: 32/32 MP: 7/22
   893 | D        | Killed a queen bee
   894 | D        | Reached skill level 13 in Spellcasting
  1087 | D        | Noticed a burning bush
  1322 | D        | Noticed an oklob plant
  1334 | D        | Killed an oklob plant
  1334 | D        | Reached ** piety under Sif Muna
  1335 | D        | Reached skill level 15 in Spellcasting
  1335 | D        | Reached XP level 7. HP: 36/36 MP: 0/27
  1564 | D        | Reached *** piety under Sif Muna
  1565 | D        | Reached skill level 16 in Spellcasting
  1565 | D        | Reached XP level 8. HP: 30/41 MP: 21/30
  1596 | D        | Found Lonove Rocick's Antique Armour Shop.
  1596 | D        | Found Loriath's Armour Emporium.
  1645 | D        | Noticed a burning bush
  1645 | D        | Noticed a wandering mushroom
  1855 | D        | Noticed a wandering mushroom
  1858 | D        | Killed a wandering mushroom
  1858 | D        | Killed a burning bush
  1858 | D        | Reached **** piety under Sif Muna
  1858 | D        | Killed a wandering mushroom
  1859 | D        | Reached skill level 17 in Spellcasting
  1859 | D        | Reached skill level 15 in Conjurations
  1942 | D        | Found Zaqyimel's Antique Armour Emporium.
  1942 | D        | Found Wucodgh's General Store.
  1946 | D        | Got Sif Muna's Incunabulum of Ensnaring Companions
  1999 | D        | Killed a burning bush
  2000 | D        | Reached skill level 18 in Spellcasting
  2000 | D        | Reached skill level 1 in Invocations
  2000 | D        | Reached XP level 9. HP: 45/45 MP: 22/33
  2056 | D        | Learned a level 5 spell: Fireball
  2063 | D        | Learned a level 6 spell: Starburst
  2072 | D        | Learned a level 8 spell: Ignition
  2076 | D        | Noticed a burning bush
  2076 | D        | Noticed an oklob plant
  2316 | D        | Killed a burning bush
  2393 | D        | Noticed a wandering mushroom
  2401 | D        | Killed a wandering mushroom
  2401 | D        | Reached ***** piety under Sif Muna
  2404 | D        | Killed an oklob plant
  2405 | D        | Reached skill level 5 in Stealth
  2405 | D        | Reached skill level 19 in Spellcasting
  2478 | D        | Noticed a spriggan druid
  2483 | D        | Killed a spriggan druid
  2833 | D        | Bought a brightly glowing scale mail for 189 gold pieces
  2833 | D        | Identified the +5 scale mail of Sumoes {Harm rPois} (You
                  | bought it in a shop in the Dungeon)
  2905 | D        | Noticed an oklob plant conjurer
  2907 | D        | Killed an oklob plant conjurer
  2908 | D        | Reached skill level 5 in Invocations
  2925 | D        | Learned a level 9 spell: Dragon's Call
  3063 | D        | Noticed an oklob plant
  3063 | D        | Noticed an oklob plant summoner
  3064 | D        | Noticed an oklob plant shifter
  3068 | D        | Killed an oklob plant shifter
  3071 | D        | Killed an oklob plant
  3071 | D        | Received a gift from Sif Muna
  3071 | D        | Killed an oklob plant summoner
  3072 | D        | Reached skill level 20 in Spellcasting
  3072 | D        | Reached XP level 10. HP: 50/50 MP: 20/36
  3074 | D        | Got Sif Muna's Reference Book on Ghastly Attacks {god gift}
  3355 | D        | Noticed a spriggan rider
  3361 | D        | Found Nenno's Armour Emporium.
  3364 | D        | Found Yliam's Antique Weapon Shoppe.
  3476 | D        | Noticed Agnes
  3478 | D        | Noticed a spriggan berserker
  3479 | D        | Noticed a spriggan defender
  3479 | D        | Found Sunos's Antique Weapon Emporium.
  3480 | D        | Noticed an elephant
  3481 | D        | Killed Agnes
  3482 | D        | Reached skill level 21 in Spellcasting
  3482 | D        | Killed a spriggan berserker
  3486 | D        | Killed a spriggan defender
  3486 | D        | Received a gift from Sif Muna
  3487 | D        | Reached skill level 5 in Dodging
  3487 | D        | Reached skill level 22 in Spellcasting
  3487 | D        | Reached XP level 11. HP: 41/54 MP: 12/39
  3489 | D        | Got Puki's Papyrus of the Creative Glacier {god gift}
  3708 | D        | Found Ubbapp's Antique Weapon Shoppe.
  3746 | D        | Noticed a spriggan rider
  3750 | D        | Killed a spriggan rider
  4177 | D        | Noticed an oklob plant shifter
  4177 | D        | Noticed an oklob plant meteorologist
  4180 | D        | Killed an oklob plant shifter
  4183 | D        | Killed an oklob plant meteorologist
  4333 | D        | Noticed a spriggan rider
  4343 | D        | Received a gift from Sif Muna
  4598 | D        | Found Gudig's Distillery.
  4598 | D        | Found Adeyteos's Armour Boutique.
  4598 | D        | Found Rihepreu's Armour Shop.
  4598 | D        | Found Ykaur's Weapon Emporium.
  4598 | D        | Found Hecit's Weapon Shoppe.
  4599 | D        | Found Ipniel's Assorted Antiques.
  4599 | D        | Found Vefasos's Weapon Shop.
  4599 | D        | Found Bidisy's General Store.
  4621 | D        | Bought a +1 helmet of see invisible for 214 gold pieces
  4632 | D        | Bought a scroll of identify for 28 gold pieces
  4632 | D        | Bought a scroll of identify for 28 gold pieces
  4635 | D        | Bought a bubbling green potion for 22 gold pieces
  4635 | D        | Bought a scroll labelled FERANIU IVOG for 25 gold pieces
  4843 | D        | Noticed a ghost moth
  4844 | D        | Found Denn's Weapon Boutique.
  4844 | D        | Found Hojedec's Antique Weapon Emporium.
  4844 | D        | Found Oguaddeo's Weapon Shoppe.
  4851 | D        | Reached skill level 23 in Spellcasting
  4851 | D        | Killed a ghost moth
  5009 | D        | Noticed an oklob plant summoner
  5010 | D        | Found Lyhiomp's Armour Emporium.
  5012 | D        | Killed an oklob plant summoner
  5013 | D        | Reached skill level 10 in Invocations
  5048 | D        | Found Ishior's General Store.
  5061 | D        | Noticed an oklob plant demonologist
  5061 | D        | Noticed an oklob plant annihilator
  5062 | D        | Noticed a spriggan berserker
  5071 | D        | Killed a spriggan berserker
  5071 | D        | Received a gift from Sif Muna
  5074 | D        | Got Heolurgh's Disquisition on Battle Magic {god gift}
  5136 | D        | Noticed a soul eater
  5137 | D        | Killed an oklob plant annihilator
  5140 | D        | Killed an oklob plant demonologist
  5166 | D        | Got Qeidu's Almanac of the Eight Boll Weevils
  5246 | D        | Identified the amulet "Feasamm" {Acrobat Harm Stlth+}
  5482 | D        | Noticed an oklob plant
  5482 | D        | Noticed an oklob plant
  5482 | D        | Noticed an oklob plant
  5482 | D        | Noticed an oklob plant
  5482 | D        | Noticed an oklob plant
  5482 | D        | Noticed an oklob plant
  5483 | D        | Noticed an oklob plant
  5487 | D        | Killed an oklob plant
  5488 | D        | Reached skill level 24 in Spellcasting
  5929 | D        | Killed an oklob plant
  5934 | D        | Killed an oklob plant
  6084 | D        | Killed an oklob plant
  6085 | D        | Killed an oklob plant
  6085 | D        | Received a gift from Sif Muna
  6089 | D        | Got Sif Muna's Collected Works on Weightlessness and Stones
                  | {god gift}
  6168 | D        | Noticed an oklob plant
  6169 | D        | Noticed an oklob plant
  6172 | D        | Killed an oklob plant
  6173 | D        | Reached XP level 12. HP: 59/59 MP: 26/42
  6256 | D        | Reached skill level 25 in Spellcasting
  6423 | D        | Noticed a spriggan defender
  6423 | D        | Noticed a spriggan defender
  6436 | D        | Killed a spriggan defender
  6436 | D        | Received a gift from Sif Muna
  6439 | D        | Got Sif Muna's Tome of Changing and Combat Magic {god gift}
  6450 | D        | Learned a level 9 spell: Fire Storm
  6892 | D        | Killed a spriggan defender
  6893 | D        | Reached skill level 1 in Fire Magic
  7197 | D        | Reached skill level 26 in Spellcasting
  7593 | D        | Received a gift from Sif Muna
  7594 | D        | Reached skill level 5 in Fire Magic
  7600 | D        | Got Sif Muna's Handbook of Flight and the Escort {god gift}
  7626 | D        | Noticed a spriggan defender
  7630 | D        | Killed a spriggan defender
  7634 | D        | Reached skill level 27 in Spellcasting
  8108 | D        | Noticed the Enchantress
  8126 | D        | Killed the Enchantress
  8127 | D        | Reached XP level 13. HP: 63/63 MP: 27/46
  8194 | D        | Noticed a ghost moth
  8397 | D        | Received a gift from Sif Muna
  8400 | D        | Got Sif Muna's Almanac of Evil Secrets and Confrontation
                  | {god gift}
  8587 | D        | Killed a ghost moth
  9024 | D        | Noticed a spriggan defender
  9026 | D        | Noticed a spriggan defender
  9027 | D        | Killed a spriggan defender
  9028 | D        | Killed a spriggan defender
  9164 | D        | Got the Orb of Zot
  9277 | D        | Reached skill level 10 in Fire Magic
  9279 | D        | Received a gift from Sif Muna
  9285 | D        | Noticed an Orb Guardian
  9286 | D        | Slain by an Orb Guardian

Illustrated notes

Levels and vault maps discovered:
D:        dungeon_sprint_fedhas [sprint_temple]

Skill      XL: |  1  2  3  4  5  6  7  8  9 10 11 12 13 |
---------------+----------------------------------------+-----
Spellcasting   | 4 7 11 15 16 18 20 22 24 27 | 27.0
Conjurations   | 5 7 10 13 14 15 17 19 21 24 25 | 25.5
Hexes          | 1 2 |  2.0
Translocations | 1 2 |  2.0
Stealth        | 3 8 |  8.0
Invocations    | 1 6 8 11 12 | 12.0
Dodging        | 5 8 |  8.0
Fire Magic     | 7 10 | 10.2

Action                   |  1- 3 |  4- 6 |  7- 9 | 10-12 | 13-15 || total
-------------------------+-------+-------+-------+-------+-------++-------
Melee: Unarmed           |     6 |     2 |     1 |       |     1 ||    10
 Cast: Magic Dart        |     6 |       |     1 |       |       ||     7
       Searing Ray       |     2 |     9 |     8 |       |       ||    19
       Iskenderun's Myst |       |     8 |    10 |    52 |    16 ||    86
       Fulminant Prism   |       |     6 |     9 |     4 |       ||    19
       Fireball          |       |       |     3 |    61 |    17 ||    81
       Dragon's Call     |       |       |       |     3 |       ||     3
       Ignition          |       |       |       |     1 |       ||     1
Invok: Channel Magic     |       |       |       |     1 |       ||     1
       Divine Exegesis   |       |       |       |     4 |       ||     4
 Abil: Evoke Invisibilit |       |     6 |     9 |    19 |     5 ||    39
  Use: Scroll            |       |       |       |     2 |       ||     2
Dodge: Dodged            |     5 |     3 |     1 |    12 |     3 ||    24
